 Dungeon Crawl Stone Soup version 0.20.1-1-g8b1a95d (webtiles) character file.

56 urezan the Skirmisher (level 3, -3/24 HPs)
             Began as a Gargoyle Monk on Aug 21, 2017.
             Killed from afar by Robin (8 damage)
             ... with a wand of flame (?/48)
             ... on level 2 of the Dungeon.
             The game lasted 00:08:45 (1278 turns).

urezan the Skirmisher (Gargoyle Monk)               Turns: 1278, Time: 00:08:46

Health: -3/24      AC:  5    Str: 15    XL:     3   Next: 97%
Magic:  3/3        EV: 13    Int: 10    God:
Gold:   82         SH:  0    Dex: 12    Spells: 2/2 levels left

rFire    . . .     SeeInvis .   n - +1 mace (venom)
rCold    . . .     Gourm    .   (no shield)
rNeg     + . .     Faith    .   b - +0 robe
rPois    ∞         Spirit   .   (no helmet)
rElec    +         Reflect  .   (no cloak)
rCorr    .         Harm     .   (no gloves)
MR       .....                  (no boots)
Stlth    ++........             (no amulet)
Regen    0.1/turn               m - ring of flight
MPRegen  0.1/turn               (no ring)

@: no status effects
A: negative energy resistance 1, electricity resistance, unbreathing,
petrification resistance, rot immunity, AC +3
a: Evoke Flight


You were on level 2 of the Dungeon.
You were not hungry.

You visited 1 branch of the dungeon, and saw 2 of its levels.

You collected 82 gold pieces.

Inventory:

Hand Weapons
 j - a +2 dagger of freezing
 n - a +1 mace of venom (weapon)
Missiles
 d - 22 stones (quivered)
 e - 10 poisoned needles
 l - 84 bolts
Armour
 b - a +0 robe (worn)
Jewellery
 a - a cursed -2 ring of protection {unknown}
 m - a ring of flight (left hand)
Scrolls
 i - 2 scrolls of remove curse
Potions
 f - 3 potions of curing
Comestibles
 c - 2 bread rations
 g - 9 chunks of flesh


   Skills:
 + Level 3.8 Fighting
 + Level 3.6 Maces & Flails
 + Level 0.6 Throwing
 + Level 2.7 Dodging
 + Level 2.6 Stealth


You had 2 spell levels left.
You didn't know any spells.

Dungeon Overview and Level Annotations

Branches:
Dungeon (2/15)

Altars:

Annotations:
D:2 Robin


Innate Abilities, Weirdness & Mutations

You are resistant to torment.
Your stone body is resilient. (AC +3)
You are immune to poison.
You resist negative energy. (rN+)
You are resistant to electric shocks. (rElec)
You can survive without breathing.
You are immune to petrification.
You are immune to rotting.


Message History

You kill the hobgoblin!
You hit the goblin but do no damage.
The goblin is poisoned.
The goblin hits you but does no damage. Robin throws the goblin at you!
You closely miss the goblin.
You kill the goblin!
The goblin misses you. x2
You hit the goblin.
You kill the goblin!
Robin hits you but does no damage.
Robin zaps a wand.
The puff of flame hits you!
It is a wand of flame (?/48).
You closely miss Robin. Robin hits you but does no damage.
You hit Robin but do no damage.
Robin is poisoned.
Robin zaps a wand.
The puff of flame hits you!
You completely miss Robin.
Robin zaps a wand.
The puff of flame hits you!
You hit Robin.
Robin looks as sick as possible!
Robin is moderately wounded.
Robin zaps a wand.
The puff of flame hits you!
* * * LOW HITPOINT WARNING * * *
Robin zaps a wand.
The puff of flame hits you!
You die...

#.#.............#####............
,,#.................'............
####........#########............
......#.....####* ##.##........
................* #.##........
#######.....###.## #.##........
####### *..# #.##....)... *#.#
#.##.####### ########### #@#
#.##.#,,,,,,
####.........###g#####.##.#,*****
....................##.....,*,,,,
........†...........#*,,...,*,***
....................#*,....,*,*
....#####...........#*,,,,,,*,*
....# #...........#*,,,,,,*,*
.÷..# #...........#*,,,,,,*,*
....# #...........##,,,,,,*,***


You could see Robin.

Vanquished Creatures
  An adder (D:2)
  2 worms (D:2)
  A dart slug (D:1)
  A leopard gecko (D:2)
  2 giant cockroaches
  8 goblins
  6 hobgoblins
  A quokka (D:2)
  3 ball pythons
  A bat (D:1)
  4 frilled lizards (D:1)
  3 kobolds
  5 rats
38 creatures vanquished.

Notes
Turn   | Place    | Note
-------+----------+-------------------------------------------
     0 | D:1      | urezan the Gargoyle Monk began the quest for the Orb.
     0 | D:1      | Reached XP level 1. HP: 14/14 MP: 1/1
   435 | D:1      | Reached XP level 2. HP: 13/19 MP: 2/2
   971 | D:1      | Reached XP level 3. HP: 22/23 MP: 3/3
  1261 | D:2      | Noticed Robin
  1278 | D:2      | Killed from afar by Robin

Action                   || total
-------------------------++-------
Melee: Mace              ||   102
Throw: Javelin           ||    14
       Stone             ||     2
  Use: Scroll            ||     4
       Potion            ||     1
 Stab: Sleeping          ||     2
  Eat: Chunk             ||     1
Armor: Robe              ||    26
Dodge: Dodged            ||    50
